 Dungeon Crawl Stone Soup version 0.28.0-53-g5a82cb258f (webtiles) character file.

Game seed: 7881521664663334219

154 MiltankisOP the Poker (level 5, 0/38 HPs)
             Began as a Merfolk Gladiator on July 12, 2022.
             Slain by an orc
             ... wielding a +2 hand axe of flaming
              (1 damage)
             ... on level 3 of the Dungeon.
             The game lasted 00:02:19 (2105 turns).

MiltankisOP the Poker (Merfolk Gladiator)           Turns: 2105, Time: 00:02:19

Health: 0/38       AC:  4    Str: 14    XL:     5   Next: 36%
Magic:  5/5        EV: 15    Int:  8    God:
Gold:   83         SH:  0    Dex: 17    Spells: 4/4 levels left

rFire   . . .      SeeInvis .   a - +0 trident
rCold   . . .      Faith    .   (no shield)
rNeg    . . .      Spirit   .   b - +0 leather armour
rPois   .          Reflect  .   c - +0 helmet
rElec   .          Harm     .   (no cloak)
rCorr   .          Rampage  .   (no gloves)
Will    .....                   (no boots)
Stlth   +.........              (no amulet)
HPRegen 0.12/turn               (no ring)
MPRegen 0.09/turn               (no ring)

@: no status effects
A: (nimble swimmer 2), mertail
a: no special abilities


You were on level 3 of the Dungeon.
You visited 1 branch of the dungeon, and saw 3 of its levels.

You collected 83 gold pieces.

Inventory:

Hand Weapons
 a - a +0 trident (weapon)
Missiles
 d - 3 throwing nets (quivered)
Armour
 b - a +0 leather armour (worn)
 c - a +0 helmet (worn)
Jewellery
 j - a +4 ring of evasion
Scrolls
 f - 2 scrolls of fog {unknown}
 l - 2 scrolls of identify {unknown}
Potions
 e - a potion of might {unknown}
 g - a potion of heal wounds {unknown}
 h - a potion of brilliance {unknown}
 i - a potion of magic {unknown}
 k - a potion of berserk rage {unknown}


   Skills:
 - Level 2.1 Fighting
 + Level 6.7 Polearms
 - Level 2.0 Throwing
 + Level 6.2 Dodging


You had 4 spell levels left.
You didn't know any spells.
Your spell library contained the following spells:

 Spells                   Type           Power      Damage    Failure   Level
 Beastly Appendage        Tmut           0%         N/A       50%         1
 Magic Dart               Conj           0%         1d3       50%         1
 Searing Ray              Conj           0%         2d4       63%         2
 Wereblood                Tmut           0%         N/A       63%         2
 Ozocubu's Armour         Ice            0%         N/A       86%         3
 Spider Form              Tmut/Pois      0%         N/A       86%         3
 Animate Dead             Necr           0%         N/A       99%         4
 Fulminant Prism          Conj/Hex       0%         3d6       99%         4
 Borgnjor's Vile Clutch   Necr/Erth      0%         N/A       100%        5
 Death Channel            Necr           0%         N/A       100%        6
 Ozocubu's Refrigeration  Ice            0%         4d5       100%        7


Dungeon Overview and Level Annotations

Branches:
Dungeon (3/15)

Altars:
Ru


Innate Abilities, Weirdness & Mutations

((You are very nimble when in or above water. (Stealth+, EV+, Speed+++)))
Your lower body shifts to a powerful aquatic tail in water.


Message History

The orc closely misses you.
Reach: a) +0 trident
Press: ? - help, Dir - move target, f/p - orc priest
Aim: an orc priest, wielding a +0 club (severely wounded, about 37% to evade your +0 trident)
You reach to attack!
You barely miss the orc priest.
The orc priest is severely wounded.
The orc hits you with a +2 hand axe of flaming.
The orc burns you.
The orc priest calls down the wrath of Beogh upon you.
Beogh smites you!
Reach: a) +0 trident
Press: ? - help, Dir - move target, f/p - orc priest
Aim: an orc priest, wielding a +0 club (severely wounded, about 37% to evade your +0 trident)
The orc is in the way.
You hit the orc.
The orc is lightly wounded.
The orc hits you with a +2 hand axe of flaming.
* * * LOW HITPOINT WARNING * * *
The orc burns you.
* * * LOW HITPOINT WARNING * * *
Reach: a) +0 trident
Press: ? - help, Dir - move target, f/p - orc priest
Aim: an orc priest, wielding a +0 club (severely wounded, about 37% to evade your +0 trident)
You reach to attack!
You puncture the orc priest!
You kill the orc priest!
The orc closely misses you.
You barely miss the orc.
The orc is lightly wounded.
The orc closely misses you.
You hit the orc but do no damage.
The orc is lightly wounded.
The orc hits you with a +2 hand axe of flaming.
* * * LOW HITPOINT WARNING * * *
The orc burns you.
* * * LOW HITPOINT WARNING * * *
You closely miss the orc.
The orc is lightly wounded.
The orc hits you with a +2 hand axe of flaming.
* * * LOW HITPOINT WARNING * * *
The orc burns you.
You die...

#. ###. ...
###.. ## ....
.# #####.. .#
......S####.#
......oo@...#
#####.####..#
# #).#
#.####..#
####.......#
.......)...#
###
########..##
..# #..# >.#
######..#


You could see an adder and 2 orcs.

Vanquished Creatures
  An orc priest (D:3)
  4 adders (D:2)
  3 gnolls (D:2)
  2 dart slugs (D:2)
  An orc (D:3)
  5 endoplasms
  A giant cockroach (D:2)
  4 goblins
  2 hobgoblins
  4 jackals (D:1)
  A quokka (D:1)
  7 ball pythons
  8 bats
  4 frilled lizards
  6 kobolds
  3 rats
56 creatures vanquished.

Notes
Turn   | Place    | Note
-------+----------+-------------------------------------------
     0 | D:1      | MiltankisOP the Merfolk Gladiator began the quest for the
                  | Orb.
     0 | D:1      | Reached XP level 1. HP: 16/16 MP: 1/1
    43 | D:1      | Reached XP level 2. HP: 14/22 MP: 2/2
   207 | D:1      | Reached skill level 5 in Polearms
   249 | D:1      | Found a faded altar of an unknown god.
   506 | D:1      | Reached XP level 3. HP: 27/27 MP: 3/3
   944 | D:2      | Reached skill level 5 in Dodging
  1155 | D:2      | Reached XP level 4. HP: 12/33 MP: 4/4
  1606 | D:2      | Found a sacrificial altar of Ru.
  1987 | D:3      | Reached XP level 5. HP: 38/38 MP: 5/5
  2105 | D:3      | HP: 1/38 [orc/+2 hand axe of flaming (4)]
  2105 | D:3      | Slain by an orc

Illustrated notes

Levels and vault maps discovered:
D:1:      kennysheep_arrival_forest, layout_rooms,
          shapermc_ecumenical_altar_notcrosses
D:2:      layout_basic, basic_altar
D:3:      layout_loops_ring, nicolae_overflow_crystal_walls,
          nicolae_elevator_lobby_plus

Skill      XL: |  1  2  3  4  5 |
---------------+----------------+-----
Polearms       | 5 6 |  6.7
Dodging        | 5 6 |  6.2
Fighting       | |  2.1
Throwing       | |  2.0

Action                   |  1- 3 |  4- 6 || total
-------------------------+-------+-------++-------
Melee: Trident           |    99 |    83 ||   182
       Punch             |       |     1 ||     1
 Stab: Sleeping          |     1 |       ||     1
Armor: Leather armour    |    15 |    13 ||    28
Dodge: Dodged            |    53 |    44 ||    97
